Map: Alcyone LE

Players

LiquidMaNa (MaNa) - Winner!

  • Race: Protoss Protoss
  • League: Grandmaster
  • Spawn Location: 7:00

VITRyung (Ryung)

  • Race: Terran Terran
  • Spawn Location: 1:00

Event: HomeStory Cup XXV

VOD

Have the link to the VOD?

Description

Time

  • Played on: June 21, 2024, 8:48 a.m.
  • Length: 7:44

All games in this series

Show
View Real Time Build Order
Export as new Build Order

LiquidMaNa Protoss - Winner!

Build Orders: 1 Gate Expand, Blink Stalkers 

Get SALT Encoding   

  12  0:00  Probe  
  13  0:12  Probe  
  14  0:19  Pylon  
  14  0:24  Probe (Chrono Boost)  
  15  0:37  Gateway  
  15  0:38  Probe (Chrono Boost)  
  16  0:45  Probe (Chrono Boost)  
  17  0:52  Probe  
  18  1:04  Probe  
  19  1:16  Probe  
  19  1:18  Assimilator  
  20  1:23  Cybernetics Core  
  20  1:30  Nexus  
  20  1:33  Probe  
  21  1:40  Pylon  
  21  1:45  Probe  
  22  1:50  Assimilator  
  22  1:57  Probe  
  22  1:59  Adept (Chrono Boost)  
  25  2:09  Probe  
  25  2:14  Warp Gate  
  25  2:20  Adept (Chrono Boost)  
  25  2:21  Probe  
  28  2:34  Probe (Chrono Boost)  
  29  2:38  Twilight Council  
  29  2:42  Probe (Chrono Boost)  
  32  2:51  Probe (Chrono Boost)  
  32  2:52  Probe (Chrono Boost)  
  32  2:57  Probe x2 (Chrono Boost)  
  33  2:59  Stalker  
  36  3:09  Probe x2  
  36  3:12  Robotics Facility  
  38  3:20  Gateway  
  38  3:21  Probe x2  
  40  3:28  Blink (Chrono Boost)  
  40  3:33  Probe  
  40  3:34  Probe  
  42  3:42  Gateway x2  
  42  3:45  Probe  
  42  3:46  Probe  
  44  3:50  Pylon  
  44  3:53  Assimilator  
  44  3:57  Probe  
  44  3:58  Probe  
  46  4:04  Warp Prism (Chrono Boost)  
  46  4:07  Pylon  
  48  4:10  Stalker  
  48  4:15  Probe  
  51  4:20  Stalker, Pylon  
  53  4:27  Probe  
  53  4:31  Pylon  
  55  4:33  Stalker, Observer  
  55  4:37  Stalker  
  55  4:38  Stalker  
  61  4:43  Probe  
  61  4:44  Probe  
  63  4:56  Probe  
  64  5:00  Stalker x3  
  64  5:01  Stalker  
  64  5:04  Pylon  
  72  5:08  Probe x2  
  74  5:23  Stalker x3  
  74  5:24  Stalker  
  80  5:37  Nexus  
  81  5:46  Zealot x2, Pylon  
  81  5:47  Stalker  
  74  6:07  Stalker x3  
  72  6:19  Probe x2  
  72  6:23  Zealot  
  76  6:31  Probe x2  
  74  6:47  Probe x2  
  68  6:50  Stalker x4  
  68  6:51  Probe  
  77  6:56  Pylon  
  77  6:59  Probe x2  
  79  7:10  Probe  
  79  7:15  Stalker x4  
  86  7:16  Probe  
  86  7:20  Probe  
  86  7:22  Probe  
  89  7:28  Probe  
  89  7:29  Forge  
  90  7:31  Gateway  
  90  7:32  Gateway  
  90  7:34  Gateway  
  86  7:37  Gateway  
  86  7:41  Zealot x4  
Show
View Real Time Build Order
Export as new Build Order

VITRyung Terran 

Build Orders:  

Get SALT Encoding   

  12  0:00  SCV  
  13  0:12  SCV  
  14  0:17  Supply Depot  
  14  0:24  SCV  
  15  0:38  SCV  
  15  0:40  Barracks  
  16  0:44  Refinery  
  16  0:50  SCV  
  17  1:02  SCV  
  18  1:14  SCV  
  19  1:26  Marine  
  19  1:27  Orbital Command  
  20  1:39  Command Center  
  20  1:49  Factory  
  20  1:54  SCV  
  21  2:04  Supply Depot, Barracks Reactor  
  21  2:07  SCV  
  22  2:19  SCV  
  23  2:31  SCV  
  23  2:33  Hellion  
  26  2:40  Marine x2  
  26  2:43  SCV  
  29  2:49  Command Center  
  29  2:55  SCV  
  30  3:01  Marine  
  31  3:12  SCV, Cyclone  
  34  3:13  Orbital Command  
  34  3:15  Marine  
  34  3:19  Marine  
  37  3:27  SCV  
  37  3:28  Barracks  
  37  3:39  SCV  
  37  3:40  SCV  
  39  3:45  Factory Tech Lab  
  39  3:47  Refinery  
  39  3:51  SCV, Marine x2  
  39  3:52  SCV  
  43  4:03  Orbital Command  
  43  4:04  Siege Tank  
  43  4:05  SCV x2  
  48  4:10  Marine x2  
  48  4:15  Barracks Tech Lab  
  48  4:16  Supply Depot  
  51  4:17  SCV x2  
  51  4:23  Barracks  
  52  4:29  SCV x2  
  54  4:32  Engineering Bay  
  54  4:34  SCV, Engineering Bay  
  55  4:40  Siege Tank  
  55  4:43  SCV x2  
  60  4:46  SCV  
  61  4:52  Stimpack  
  61  4:55  Bunker  
  61  4:59  SCV  
  62  5:00  Supply Depot, SCV  
  62  5:03  SCV  
  64  5:10  Terran Infantry Weapons Level 1  
  64  5:11  Marine x3  
  66  5:21  Siege Tank  
  63  5:30  SCV x2  
  63  5:36  Marine x3  
  66  5:43  Refinery  
  66  5:44  Refinery  
  63  5:59  Marine x2  
  63  6:00  Marine x2  
  43  6:17  Marine x2  
  43  6:18  Marine x2  
  38  6:19  SCV x2  
  39  6:29  Siege Tank  
  39  6:31  SCV  
  43  6:34  Marine  
  43  6:35  Marine  
  43  6:36  Marine x2  
  33  6:47  SCV  
  33  6:48  SCV  
  33  6:52  Marine x2  
  33  6:53  Marine  
  33  6:54  Marine  
  39  7:00  SCV x2  
  38  7:10  Marine x2  
  38  7:11  Marine  
  38  7:12  SCV x2  
  38  7:24  SCV  
Tags
 
Add a new tag
Caveats
  • Supply blocks, unpowered buildings, or Contaminate may cause inaccurate times.
  • Supply counts are checked every 10 seconds.